 Dungeon Crawl Stone Soup version 0.13-a0-3016-gcb2faac (webtiles) character file.

343 Kae the Ruinous (level 5, -6/28 HPs)
             Began as a Tengu Fire Elementalist on Sept 13, 2013.
             Killed by nerve-wracking pain
             ... invoked by an orc priest
              (7 damage)
             ... on Level 4 of the Dungeon.
             The game lasted 00:09:01 (3552 turns).

Kae the Ruinous (Tengu Fire Elementalist)           Turns: 3552, Time: 00:09:01

HP  -6/28        AC  6     Str  8      XL: 5   Next: 94%
MP  12/21        EV 18     Int 18      God:
Gold 126         SH  0     Dex 20      Spells:  3 memorised,  3 levels left

Res.Fire  : + . .   See Invis. : .   j - +0 whip
Res.Cold  : . . .   Warding    : .   a - +0 robe
Life Prot.: . . .   Conserve   : .   (no shield)
Res.Poison: .       Res.Corr.  : .   (helmet restricted)
Res.Elec. : .       Clarity    : +   r - +0 cloak
Sust.Abil.: . .     Spirit.Shd : .   (no gloves)
Res.Mut.  : .       Stasis     : .   (boots unavailable)
Res.Rott. : .       Flight     : .   (no amulet)
Saprovore : . . .                    v - ring of magical power
                                     o - +3 ring of protection

@: agile, very slightly contaminated, slightly resistant to hostile
enchantments, quite stealthy
A: able to fly, beak, talons 3, clarity, fire resistance 1, Int +2
a: Fly


You were on level 4 of the Dungeon.
You were hungry.

You visited 1 branch of the dungeon, and saw 4 of its levels.

You collected 106 gold pieces.

Inventory:

Hand weapons
 j - a +0,+0 whip (weapon)
Missiles
 k - 13 darts (quivered)
Armour
 a - a +0 robe (worn)
 r - a +0 cloak (worn)
Comestibles
 c - 2 bread rations
 u - a rotting chunk of orc flesh
 w - a chunk of ball python flesh
Scrolls
 d - 2 scrolls of identify {unknown}
 e - 2 scrolls of enchant weapon I {unknown}
 f - 2 scrolls of remove curse {unknown}
 i - a scroll of enchant armour {unknown}
 l - a scroll of enchant weapon II {unknown}
 p - a scroll of curse armour {unknown}
 q - a scroll of blinking {unknown}
Jewellery
 o - a +3 ring of protection (left hand)
 v - a ring of magical power (right hand)
Potions
 g - a potion of confusion {unknown}
 h - a potion of cure mutation {unknown}
 m - a potion of restore abilities {unknown}
 n - a potion of agility
 s - a potion of mutation
Books
 b - a book of Flames

   Spells                             Type                      Level
   *Flame Tongue                      Conjuration/Fire             1
   *Throw Flame                       Conjuration/Fire             2
   *Conjure Flame                     Conjuration/Fire             3
   Inner Flame                        Hexes/Fire                   3
   Sticky Flame                       Conjuration/Fire             4
   Fireball                           Conjuration/Fire             5
 t - a book of Debilitation

   Spells                             Type                      Level
   Corona                             Hexes                        1
   Slow                               Hexes                        2
   Inner Flame                        Hexes/Fire                   3
   Enslavement                        Hexes                        4
   Cause Fear                         Hexes                        4
   Leda's Liquefaction                Hexes/Earth                  4


   Skills:
 - Level 2.1 Dodging
 - Level 2.0 Stealth
 + Level 2.6 Spellcasting
 * Level 4.9 Conjurations
 + Level 4.7 Fire Magic


You had 3 spell levels left.
You knew the following spells:

 Your Spells              Type           Power        Failure   Level  Hunger
a - Flame Tongue          Conj/Fire      ###..        1%          1    #......
b - Throw Flame           Conj/Fire      ###...       3%          2    ##.....
c - Conjure Flame         Conj/Fire      ###.....     10%         3    ###....


Dungeon Overview and Level Annotations

Branches:
Dungeon (4/27)
 Temple: D:4-7

Altars:
Fedhas


Innate Abilities, Weirdness & Mutations

You can fly.
You have a beak for a mouth.
You have claws for feet.
You possess an exceptional clarity of mind.
Your mind is acute. (Int +2)
Your flesh is heat resistant.


Message History

You are feeling hungry.
The orc priest calls down the wrath of Beogh upon you.
Pain shoots through your body!
* * * LOW HITPOINT WARNING * * *
Drink which item? (? for menu, Esc to quit)
You feel more agile all of a sudden.
It was a potion of agility.
Drink which item? (? for menu, Esc to quit)
You feel extremely strange.
Your thoughts seem clearer.
You feel clever.
You feel a sudden chill.
It was a potion of mutation.
Casting: Throw Flame
Confirm with . or Enter, or press ? or * to list all spells.
Aiming: Conjure Flame
Press: ? - help, Dir - move target cursor The fire roars!
You are feeling hungry.
The orc priest mumbles some strange prayers to Beogh against you.
Pain shoots through your body!
You die...

#.......#......#....###.........
#.......#.##.#>'................
#.......#.##.#.#...........#....
#.........##.#.#....)#####.#....
#########.##.#.##......# #.#....
###..o.o.##......# #.#....
.#...##.#.##......###.#####
#.oo#.o)##ยง#.##....)..##.#####
#.oo#...##...@...)....##.##...
#...#...####.######..)##'##...
#...#...####.## ####...[%%..
#...#...##....# #........
#...#...##....# #.....###
#...#...##....# ###+###
#.......##....# ###....###....#
#....# #....#


You could see an orc priest.

Vanquished Creatures
  An orc priest (D:4)
  Crazy Yiuf (D:2)
  A worker ant (D:4)
  5 adders
  A giant mite (D:3)
  3 giant geckos
  3 oozes
  4 orcs
  11 goblins
  10 hobgoblins
  4 jackals (D:2)
  2 ball pythons
  10 bats
  3 giant cockroaches
  6 giant newts
  A hobgoblin skeleton (D:4)
  6 kobolds
  A kobold skeleton (D:3)
  10 rats
83 creatures vanquished.

Notes
Turn   | Place    | Note
--------------------------------------------------------------
     0 | D:1      | Kae, the Tengu Fire Elementalist, began the quest for the Orb.
     0 | D:1      | Reached XP level 1. HP: 10/10 MP: 3/3
   296 | D:1      | Reached XP level 2. HP: 13/15 MP: 3/5
   909 | D:1      | Reached XP level 3. HP: 19/19 MP: 2/7
  1673 | D:2      | Reached XP level 4. HP: 18/24 MP: 8/8
  1805 | D:2      | Reached skill level 4 in Fire Magic
  1855 | D:2      | Learned a level 2 spell: Throw Flame
  1859 | D:2      | Learned a level 3 spell: Conjure Flame
  1868 | D:2      | Noticed Crazy Yiuf
  1879 | D:2      | Killed Crazy Yiuf
  2172 | D:3      | Found a blossoming altar of Fedhas.
  2308 | D:3      | Reached XP level 5. HP: 24/28 MP: 11/11
  2309 | D:3      | Noticed an orc warrior
  3542 | D:4      | HP: 1/28 [orc priest/nerve-wracking pain (8)]
  3544 | D:4      | Gained mutation: You possess an exceptional clarity of mind. [potion of mutation]
  3544 | D:4      | Gained mutation: Your mind is acute. (Int +2) [potion of mutation]
  3544 | D:4      | Gained mutation: Your flesh is heat resistant. [potion of mutation]
  3552 | D:4      | Killed from afar by an orc priest

Action                   |  1- 3 |  4- 6 || total
-------------------------+-------+-------++-------
Melee: Unarmed           |    31 |       ||    31
       Whip              |    30 |    31 ||    61
 Cast: Flame Tongue      |    44 |    92 ||   136
       Throw Flame       |       |    18 ||    18
       Conjure Flame     |       |     6 ||     6
  Use: Potion            |       |     4 ||     4
 Stab: Sleeping          |     3 |     1 ||     4
